AoeStats
← Iam_MuRaT

Arabia

509648268Analyzed
1v1 RM · 6d ago on Sep 27, 2026· 42m 42s· 2 players
Game mode
Random Map
Map size
Tiny (2 player)
Population
200
Speed
Normal
Resources
Standard
Victory
Conquest
Starting age
Dark Age
Ending age
Imperial Age
RankedLock teamsTeams togetherTeam positionsShared explorationLock speedFull tech treeHidden civsTurbo modeCheats
Victory
Defeat
🇺🇸 Chinese · United States
1355
+16
🇹🇷 Persians · Türkiye
1364
-16
Atomic_Sausage
0:25 Loom
8:39 Feudal Age
9:15 Double-Bit Axe
9:11 Horse Collar
16:40 Wheelbarrow
19:56 Castle Age
18:41 Bloodlines
19:40 Scale Barding Armor
19:46 Forging
21:25 Bow Saw
21:53 Chain Barding Armor
21:54 Husbandry
22:49 Pikeman
23:30 Squires
23:58 Scale Mail Armor
27:45 Chain Mail Armor
31:14 Hand Cart
31:06 Gold Mining
34:24 Fletching
37:17 Imperial Age
35:26 Bodkin Arrow
35:31 Padded Archer Armor
35:09 Light Cavalry
36:31 Heavy Plow
36:59 Stone Mining
37:45 Gold Shaft Mining
38:21 Bracer
38:51 Plate Mail Armor
39:09 Thumb Ring
39:45 Chain Barding Armor
40:26 Ballistics
41:06 Chemistry
41:22 Guard Tower
Iam_MuRaT
5:29 Loom
8:28 Feudal Age
8:59 Double-Bit Axe
21:01 Castle Age
19:50 Forging
19:25 Horse Collar
20:24 Bloodlines
20:15 Gold Mining
21:01 Scale Barding Armor
22:15 Town Watch
25:33 Iron Casting
27:49 Chain Barding Armor
29:37 Wheelbarrow
29:04 Heavy Plow
30:18 Bow Saw
30:00 Stone Mining
30:43 Fletching
30:55 Padded Archer Armor
31:21 Bodkin Arrow
33:51 Leather Archer Armor
36:05 Parthian Tactics
38:46 Imperial Age
38:17 Ballistics
42:20 Elite Skirmisher
Connection lost

Rejoining the realm…

Still unreachable

The connection could not be restored.

Session expired

The server has moved on; the page needs a fresh start.